 Dungeon Crawl Stone Soup version 0.17.1-2-g5865329 (webtiles) character file.

334 4thArraOfDagon the Chopper (level 6, 0/56 HPs)
             Began as a Minotaur Fighter on Jan 28, 2016.
             Was an Initiate of Makhleb.
             Slain by a water moccasin (1 damage)
             ... on level 8 of the Dungeon.
             The game lasted 00:03:54 (715 turns).

4thArraOfDagon the Chopper (Minotaur Fighter)        Turns: 715, Time: 00:03:54

Health: 0/56       AC:  8    Str: 22    XL:     6   Next: 27%
Magic:  5/5        EV:  7    Int:  5    God:    Makhleb [......]
Gold:   40         SH:  9    Dex: 10    Spells: 0 memorised, 5 levels left

rFire  . . .     SeeInvis .     a - +0 war axe
rCold  . . .     Clarity  .     b - +1 scale mail
rNeg   . . .     SustAt   .     c - +0 shield
rPois  .         Gourm    .     (helmet restricted)
rElec  .         Spirit   .     (no cloak)
rCorr  .         Warding  .     (no gloves)
rMut   .         Stasis   .     (no boots)
MR     .....                    (no amulet)
Stlth  ..........               (no ring)
                                (no ring)

@: lethally poisoned (0 -> -24), not resistant to hostile enchantments,
extremely unstealthy
A: retaliatory headbutt, horns 2
a: Renounce Religion


You were on level 8 of the Dungeon.
You worshipped Makhleb.
Makhleb was noncommittal.
You were not hungry.

You visited 2 branches of the dungeon, and saw 9 of its levels.

You collected 40 gold pieces.

Inventory:

Hand Weapons
 a - a +0 war axe (weapon)
Armour
 b - a +1 scale mail (worn)
 c - a +0 shield (worn)
Scrolls
 g - 2 scrolls of remove curse
Comestibles
 e - 2 bread rations
 i - 2 royal jellies
 j - 2 beef jerkies


   Skills:
 + Level 5.0 Fighting
 * Level 6.1 Axes
 + Level 5.2 Armour
 - Level 3.6 Shields


You had 5 spell levels left.
You didn't know any spells.

Dungeon Overview and Level Annotations

Branches:
Dungeon (8/15)             Temple (1/1) D:7
   Lair: D:8-11

Altars:
Dithmenos
Fedhas
Makhleb
Qazlal


Innate Abilities, Weirdness & Mutations

You reflexively headbutt those who attack you in melee.
You have a pair of horns on your head.


Message History

* * * LOW HITPOINT WARNING * * *
You feel sick. The water moccasin bites you.
* * * LOW HITPOINT WARNING * * *
A giant frog skeleton comes into view.
You barely miss the water moccasin.
Your headbutt misses the water moccasin.
The water moccasin is heavily wounded.
* * * LOW HITPOINT WARNING * * *
You feel sick. The water moccasin bites you.
* * * LOW HITPOINT WARNING * * *
You are more poisoned.
The water moccasin poisons you!
The water moccasin bites you but does no damage.
Unknown command.
You closely miss the water moccasin.
The water moccasin is heavily wounded.
* * * LOW HITPOINT WARNING * * *
You feel very sick. You block the water moccasin's attack.
The water moccasin bites you.
You die...

.......(...(#
####..####... #
#.........
#####.####... .
....#.# #.# h. ###.#.#
#.# #.. # #...# #.# ..
# #..######.######.#.#
###.............@SZ..#
............######...#
####.######## #.# #.#
.. #.# # #.. ###


You could see a water moccasin, a hound (wandering) and a giant frog skeleton.

Vanquished Creatures
  An ice beast (D:5)
  2 giant frogs
  A hound (D:8)
  A worker ant (D:5)
  A gnoll (D:3)
  3 adders
  A shadow imp (D:8)
  2 adder skeletons
  A worm (D:2)
  A giant gecko (D:4)
  A ball python (D:3)
  A bat (D:2)
  A hobgoblin (D:2)
  A giant cockroach (D:3)
  2 giant newts
  2 goblins
  A jackal skeleton (D:8)
  2 rats
25 creatures vanquished.

Notes
Turn   | Place    | Note
--------------------------------------------------------------
     0 | D:1      | 4thArraOfDagon the Minotaur Fighter began the quest for the Orb.
     0 | D:1      | Reached XP level 1. HP: 19/19 MP: 0/0
   213 | D:2      | Reached XP level 2. HP: 9/27 MP: 1/1
   213 | D:2      | Reached skill level 4 in Armour
   277 | D:2      | Found a stormy altar of Qazlal.
   281 | D:2      | You fall through a shaft!
   343 | D:3      | Reached XP level 3. HP: 13/33 MP: 2/2
   433 | D:5      | Entered Level 5 of the Dungeon
   462 | D:5      | Noticed an ice beast
   466 | D:5      | Killed an ice beast
   466 | D:5      | Reached skill level 5 in Axes
   466 | D:5      | Reached XP level 4. HP: 8/41 MP: 3/3
   466 | D:5      | Reached XP level 5. HP: 9/47 MP: 4/4
   546 | D:7      | Found a staircase to the Ecumenical Temple.
   555 | Temple   | Entered the Ecumenical Temple
   574 | Temple   | Became a worshipper of Makhleb the Destroyer
   603 | D:7      | Reached skill level 5 in Armour
   628 | D:8      | Reached skill level 5 in Fighting
   628 | D:8      | Reached skill level 6 in Axes
   628 | D:8      | Reached XP level 6. HP: 23/56 MP: 5/5
   708 | D:8      | Noticed a water moccasin
   709 | D:8      | RIP
   709 | D:8      | was a good char
   715 | D:8      | HP: 1/56 [poisoned by a water moccasin]
   715 | D:8      | Slain by a water moccasin

Action                   |  1- 3 |  4- 6 || total
-------------------------+-------+-------++-------
Melee: War axe           |    38 |    18 ||    56
  Use: Scroll            |     1 |     2 ||     3
       Potion            |     1 |       ||     1
